 Dungeon Crawl Stone Soup version 0.17.0-28-g6e173f8 (webtiles) character file.

26 lucasterio the Digger (level 3, 0/20 HPs)
             Began as a Gargoyle Earth Elementalist on Nov 25, 2015.
             Slain by a kobold (2 damage)
             ... on level 2 of the Dungeon.
             The game lasted 00:03:43 (1180 turns).

lucasterio the Digger (Gargoyle Earth Elementalist) Turns: 1180, Time: 00:03:44

Health: 0/20       AC:  5    Str: 11    XL:     3   Next: 8%
Magic:  4/6        EV: 12    Int: 16    God:
Gold:   38         SH:  0    Dex: 10    Spells: 2 memorised, 2 levels left

rFire  . . .     SeeInvis .     f - +0 mace
rCold  . . .     Clarity  .     a - +0 robe
rNeg   + . .     SustAt   .     (no shield)
rPois  ∞         Gourm    .     (no helmet)
rElec  +         Spirit   .     (no cloak)
rCorr  .         Warding  .     (no gloves)
rMut   .         Stasis   .     (no boots)
MR     .....                    (no amulet)
Stlth  ++........               (no ring)
                                (no ring)

@: very slightly contaminated, not resistant to hostile enchantments, unstealthy
A: negative energy resistance 1, electricity resistance, unbreathing,
petrification resistance, rot immunity, AC +3
a: no special abilities


You were on level 2 of the Dungeon.
You were not hungry.

You visited 1 branch of the dungeon, and saw 2 of its levels.

You collected 38 gold pieces.

Inventory:

Hand Weapons
 f - a +0 mace (weapon)
 j - a +0 mace of holy wrath
Missiles
 b - 92 stones (quivered)
Armour
 a - a +0 robe (worn)
Scrolls
 e - a scroll of random uselessness {unknown}
 l - a scroll of teleportation {unknown}
 m - a scroll of fog {unknown}
Potions
 g - 2 potions of lignification {unknown}
 h - a potion of cure mutation {unknown}
 i - a potion of haste {unknown}
Books
 c - a book of Geomancy

   Spells                             Type                      Level
   a - Sandblast                      Earth                        1
   b - Stoneskin                      Transmutation/Earth          2
   c - Passwall                       Transmutation/Earth          3
   d - Stone Arrow                    Conjuration/Earth            3
   e - Petrify                        Transmutation/Earth          4
   f - Lee's Rapid Deconstruction     Earth                        5
Comestibles
 d - 2 bread rations
 k - 4 chunks of flesh


   Skills:
 + Level 1.0 Fighting
 + Level 1.8 Dodging
 - Level 2.1 Stealth
 + Level 2.2 Spellcasting
 + Level 0.0 Conjurations
   Level 0.7 Transmutations
 + Level 4.3 Earth Magic


You had 2 spell levels left.
You knew the following spells:

 Your Spells              Type           Power        Failure   Level  Hunger
a - Sandblast             Erth           ###...       4%          1    #......
b - Stone Arrow           Conj/Erth      #.....       28%         3    ###....


Dungeon Overview and Level Annotations

Branches:
Dungeon (2/15)

Altars:


Innate Abilities, Weirdness & Mutations

You are resistant to torment.
Your stone body is resilient (AC +3).
You are immune to poison.
You resist negative energy.
You are resistant to electric shocks.
You can survive without breathing.
You are immune to petrification.
You are immune to rotting.


Message History

You closely miss the quokka.
The quokka is severely wounded.
The quokka misses you.
The quokka bites you but does no damage.
You hit the quokka.
You kill the quokka!
The kobold throws a stone.
The stone completely misses you.
The kobold throws a stone.
The stone hits you but does no damage. The kobold hits you.
* * * LOW HITPOINT WARNING * * *
You see here a stone.
You barely miss the kobold. The kobold completely misses you.
You closely miss the kobold. The kobold hits you but does no damage.
You closely miss the kobold. The kobold hits you but does no damage.
The kobold hits you but does no damage.
You hit the kobold but do no damage. The kobold barely misses you.
You hit the kobold but do no damage. The kobold barely misses you.
The kobold closely misses you.
You hit the kobold but do no damage. The kobold hits you.
You die...

....... .## #.#
....... ..# #.#
.......####.# #.#
#.........$# #.#
#........(.## #.#
#..........)# #.#
#.......(...## #.#
#.........((K# #.#
############@###.#
#(.##.# ##.##.#
#.##.# #..#.#
##.#.# #.#.# #.).#
##..#


You could see a kobold.

Vanquished Creatures
  An adder (D:2)
  2 ball pythons
  2 giant cockroaches (D:2)
  A goblin (D:1)
  2 hobgoblins
  3 kobolds (D:1)
  A quokka (D:2)
  2 bats (D:1)
  4 rats
18 creatures vanquished.

Notes
Turn   | Place    | Note
--------------------------------------------------------------
     0 | D:1      | lucasterio the Gargoyle Earth Elementalist began the quest for the Orb.
     0 | D:1      | Reached XP level 1. HP: 10/10 MP: 3/3
   558 | D:1      | Reached skill level 4 in Earth Magic
   558 | D:1      | Reached XP level 2. HP: 15/15 MP: 1/5
  1042 | D:2      | Reached skill level 1 in Fighting
  1122 | D:2      | Reached XP level 3. HP: 20/20 MP: 1/6
  1127 | D:2      | Learned a level 3 spell: Stone Arrow
  1180 | D:2      | Slain by a kobold

Action                   || total
-------------------------++-------
Melee: Mace              ||    62
 Cast: Sandblast         ||    20
 Stab: Sleeping          ||     4
  Eat: Chunk             ||     1
